 Dungeon Crawl Stone Soup version 0.30-a0-159-g068b764562 (webtiles) character file.

Game seed: 6696393859309964405

9 KennySheep the Conjurer (level 2, 3/3 (17) HPs)
             Began as a Tengu Reaver on Sept 27, 2022.
             Got out of the dungeon alive.
             The game lasted 00:02:55 (333 turns).

KennySheep the Conjurer (Tengu Reaver)               Turns: 333, Time: 00:02:56

HP:   3/3 (17)      AC:  3    Str: 12    XL:     2   Next: 12%
MP:   6/6           EV: 12    Int: 13    God:
Gold: 0             SH:  0    Dex: 12    Spells: 2/5 levels left

rFire   . . .      SeeInvis .    a - +0 falchion
rCold   . . .      Faith    .    (no shield)
rNeg    . . .      Spirit   .    b - +0 leather armour
rPois   .          Reflect  .    (helmet restricted)
rElec   .          Harm     .    (no cloak)
rCorr   .          Rampage  .    (no gloves)
Will    .....                    (boots unavailable)
Stlth   +.........               (no amulet)
HPRegen 0.01/turn                (no ring)
MPRegen 0.10/turn                (no ring)

@: extremely drained
A: beak, talons 3
a: no special abilities


You escaped.
You visited 1 branch of the dungeon, and saw 1 of its levels.

Inventory:

Hand Weapons
 a - a +0 falchion (weapon)
Armour
 b - a +0 leather armour (worn)
Potions
 c - a potion of lignification {unknown}
 d - a potion of haste {unknown}


   Skills:
 + Level 2.1 Fighting
 * Level 3.5 Long Blades
 + Level 2.3 Dodging
 - Level 2.1 Spellcasting
 + Level 4.1 Conjurations


You had 2 spell levels left.
You knew the following spells:

 Your Spells              Type           Power      Damage    Failure   Level
a - Kiss of Death         Conj/Necr      24%        2d7       14%         1
b - Volcanic Tap          Conj/Fire/Erth 8%         3d8       28%         2

Your spell library contained the following spells:

 Spells                   Type           Power      Damage    Failure   Level
 Hailstorm                Conj/Ice       6%         3d4       38%         3


Dungeon Overview and Level Annotations

Branches:
Dungeon (1/15)

Altars:


Innate Abilities, Weirdness & Mutations

You have a beak for a mouth.
You have claws for feet.


Message History

Found a helmet.
You enter the shallow water.
Moving in this stuff is going to be slow.
A bat comes into view.
The goblin splashes around in the water.
The bat barely misses you. The bat hits you but does no damage.
Casting: Kiss of Death (safe; 14% risk of failure)
Confirm with . or Enter, or press ? or * to list all spells.
Aiming: Kiss of Death (safe; 14% risk of failure)
Press: ? - help, Shift-Dir - straight line, f - bat
Aim: a bat (100% to hit)
The negative energy hits the bat!
The bat is drained!
You kill the bat!
You feel drained.
Casting: Kiss of Death (safe; 14% risk of failure)
Confirm with . or Enter, or press ? or * to list all spells.
Okay, then.
A goblin is nearby!
The goblin hits the plant with a +0 dagger.
The plant begins to die.
The goblin hits the plant with a +0 dagger.
Things that are here:
a +0 dagger; a jackal skeleton; a jackal skeleton The formicid shouts!
The merfolk shouts!
There is a broken door here.
The human shouts!
The octopode shouts!
The spriggan shouts!
The formicid shouts!
The demonspawn shouts!
The elf shouts!
The vine stalker shouts!
The octopode shouts!
The minotaur bellows!
The meteoran shouts!
The merfolk shouts!
The palentonga shouts!
The felid hisses angrily.
The tengu shouts!
The troll shouts!
The orc shouts!
The kobold shouts!
There is an open door here.
There is a staircase leading out of the dungeon here.
Are you sure you want to leave the Dungeon?
This will make you lose the game!
You have escaped!

#####
#.@.#
#...#
###'###
#o#.#K#
###.###
#Q#.#T#
###.###
#H#.#h#
###.###


There were no monsters in sight!

Vanquished Creatures
  A ball python (D:1)
  An endoplasm (D:1)
  2 jackals (D:1)
  A kobold (D:1)
  A bat (D:1)
  A goblin (D:1)
  A rat (D:1)
8 creatures vanquished.

Vanquished Creatures (others)
  2 plants (D:1)
2 creatures vanquished.

Grand Total: 10 creatures vanquished

Notes
Turn   | Place    | Note
-------+----------+-------------------------------------------
     0 | D:1      | KennySheep the Tengu Reaver began the quest for the Orb.
     0 | D:1      | Reached XP level 1. HP: 12/12 MP: 4/4
     4 | D:1      | Noticed a tengu
     4 | D:1      | Noticed a troll
     6 | D:1      | Noticed a palentonga
     6 | D:1      | Noticed a felid
     8 | D:1      | Noticed a naga
     8 | D:1      | Noticed a merfolk
    10 | D:1      | Noticed a demigod
    10 | D:1      | Noticed a ghoul
    12 | D:1      | Noticed a minotaur
    12 | D:1      | Noticed a meteoran
    14 | D:1      | Noticed a vine stalker
    14 | D:1      | Noticed an octopode
    16 | D:1      | Noticed an elf
    18 | D:1      | Noticed an ogre
    18 | D:1      | Noticed a vampire
    20 | D:1      | Noticed a demonspawn
    20 | D:1      | Noticed a gargoyle
    22 | D:1      | Noticed a spriggan
    22 | D:1      | Noticed a formicid
    24 | D:1      | Noticed a human
    24 | D:1      | Noticed an octopode
    26 | D:1      | Noticed a formicid
    26 | D:1      | Noticed a merfolk
   166 | D:1      | Reached XP level 2. HP: 6/6 MP: 0/6
   224 | D:1      | Learned a level 2 spell: Volcanic Tap
   333 | D:$      | Got out of the dungeon alive.

Illustrated notes

Levels and vault maps discovered:
D:1:      kb_arrival_jail, layout_rooms, columned_hall_lemuel,
          minmay_misc_feat_ornament, chequers_big_river

Action                   || total
-------------------------++-------
Melee: Falchion          ||     8
       Peck              ||     1
 Cast: Kiss of Death     ||     6
Armor: Leather armour    ||     7
Dodge: Dodged            ||     8

Table legend: (Time is in decaauts)
 A = Elapsed time spent in this place.
 B = Non-inter-level travel time spent in this place.
 C = Inter-level travel time spent in this place.
 D = Time resting spent in this place.
 E = Time spent auto-exploring this place.
 F = Levels seen in this place.
 G = Mean time per level.
                   A        B        C        D        E       F      G
               +--------+--------+--------+--------+--------+-----+--------+
         Total |    335 |    298 |     37 |    108 |    122 |   1 |  335.0 |
       Dungeon |    335 |    298 |     37 |    108 |    122 |   1 |  335.0 |
               +--------+--------+--------+--------+--------+-----+--------+

Top non-repeatable levels by time:
     D:1: 335 daAuts
